 Dungeon Crawl Stone Soup version 0.26.1-11-gd32895ea62 (webtiles) character file.

Game seed: 17444199216692039128

389 Zeld the Twirler (level 6, -2/39 HPs)
             Began as an Octopode Gladiator on May 22, 2021.
             Slain by a wight
             ... wielding a cursed +4 short sword
              (6 damage)
             ... on level 6 of the Dungeon.
             The game lasted 00:05:21 (4293 turns).

Zeld the Twirler (Octopode Gladiator)               Turns: 4293, Time: 00:05:22

Health: -2/39      AC:  1    Str: 15    XL:     6   Next: 79%
Magic:  6/6        EV: 14    Int: 10    God:
Gold:   180        SH:  0    Dex: 14    Spells: 5/5 levels left

rFire    . . .     SeeInvis .   a - +0 quarterstaff
rCold    . . .     Faith    .   (shield currently unavailable)
rNeg     . . .     Spirit   .   b - +0 hat
rPois    .         Reflect  .   (no amulet)
rElec    .         Harm     .   (no ring)
rCorr    .         Rampage  .   (no ring)
Will     .....                  (no ring)
Stlth    ++........             (no ring)
HPRegen  0.13/turn              (no ring)
MPRegen  0.10/turn              (no ring)
                                (no ring)
                                (no ring)

@: no status effects
A: almost no armour, stealthy swim, amphibious, 8 rings, constrict 8, camouflage
1, gelatinous body 1
a: no special abilities


You were on level 6 of the Dungeon.
You visited 1 branch of the dungeon, and saw 4 of its levels.

You collected 180 gold pieces.

Inventory:

Hand Weapons
 a - a +0 quarterstaff (weapon)
Missiles
 c - 3 throwing nets (quivered)
 o - 3 javelins
 v - 14 poisoned darts
 w - 2 boomerangs
Armour
 b - a +0 hat (worn)
Jewellery
 h - an uncursed amulet of regeneration {unknown}
Wands
 m - a wand of flame (25)
Scrolls
 e - 5 scrolls of identify {unknown}
 j - 2 scrolls of noise {unknown}
 l - 4 scrolls of remove curse {unknown}
 n - a scroll of teleportation {unknown}
 p - a scroll of fog {unknown}
 s - a scroll of immolation {unknown}
 t - a scroll of enchant armour {unknown}
Potions
 d - 3 potions of curing {unknown}
 f - 2 potions of berserk rage {unknown}
 g - a potion of brilliance {unknown}
 i - a potion of magic {unknown}
 k - 2 potions of attraction {unknown}
 q - a potion of might
 r - 2 potions of degeneration {unknown}
 u - 2 potions of flight {unknown}


   Skills:
 - Level 2.0 Fighting
 * Level 7.4 Staves
 - Level 2.0 Throwing
 - Level 3.0 Dodging


You had 5 spell levels left.
You didn't know any spells.
Your spell library was empty.

Dungeon Overview and Level Annotations

Branches:
Dungeon (3/15)

Altars:
Elyvilon
Gozag
Hepliaklqana
Sif Muna
Xom

Annotations:
D:6 3 runed translucent doors, LadyBoffin's ghost, novice MfIE


Innate Abilities, Weirdness & Mutations

You cannot wear most types of armour.
You are very stealthy in the water. (Stealth+)
You are amphibious.
You can wear up to eight rings at the same time.
You can use your tentacles to constrict eight enemies at once.
Your skin changes colour to match your surroundings (Stealth+).
Your rubbery body absorbs attacks. (AC +1, EV +1)


Message History

Things that are here:
a +4 halberd; a +0 robe
There is an open door here.
There is an open door here.
You open the door. The wight barely misses you.
There is an open door here.
You barely miss the wight. You grab the wight.
The wight is moderately damaged.
You constrict the wight. You hit the wight.
The wight is severely damaged.
You constrict the wight.
The wight struggles to escape constriction.
You hit the wight.
You destroy the wight!
Your life force feels restored.
You barely miss the wight. Your grab misses the wight. You squeeze the wight.
The wight is moderately damaged.
The wight hits you with a cursed +4 short sword.
You die...

###### #....#
#....# #....#
#..@.# ##z###
#..#
#######..#
#........#
#........+
##........#
#...#####'#
###.....#.###


You could see a wight.

Vanquished Creatures
  2 wights (D:6)
  An orc priest (D:3)
  An orc wizard (D:3)
  Terence (D:3)
  3 gnolls (D:2)
  10 adders
  2 oozes
  An adder skeleton (D:6)
  A worm (D:3)
  A dart slug (D:3)
  A leopard gecko (D:3)
  6 orcs (D:3)
  5 bats
  2 giant cockroaches
  10 goblins
  7 hobgoblins
  3 jackals (D:3)
  8 kobolds
  2 quokkas (D:2)
  6 frilled lizards (D:2)
  A quokka skeleton (D:2)
  12 rats
  A bush (D:2)
87 creatures vanquished.

Vanquished Creatures (others)
  A plant (D:2)
1 creature vanquished.

Grand Total: 88 creatures vanquished

Notes
Turn   | Place    | Note
-------+----------+-------------------------------------------
     0 | D:1      | Zeld the Octopode Gladiator began the quest for the Orb.
     0 | D:1      | Reached XP level 1. HP: 14/14 MP: 1/1
    89 | D:1      | Reached XP level 2. HP: 4/19 MP: 2/2
  1164 | D:2      | Reached skill level 4 in Staves
  1184 | D:2      | Reached XP level 3. HP: 23/24 MP: 3/3
  1467 | D:2      | Reached XP level 4. HP: 17/29 MP: 4/4
  1469 | D:2      | Reached skill level 5 in Staves
  2248 | D:2      | Reached XP level 5. HP: 34/34 MP: 5/5
  2327 | D:2      | Found a hazy altar of Hepliaklqana.
  2362 | D:2      | Found an opulent altar of Gozag.
  2374 | D:2      | Found a shimmering altar of Xom.
  2844 | D:2      | Found a shimmering blue altar of Sif Muna.
  3402 | D:3      | Reached skill level 6 in Staves
  3651 | D:3      | Found a white marble altar of Elyvilon.
  3657 | D:3      | Noticed Terence
  3666 | D:3      | Killed Terence
  3667 | D:3      | Reached XP level 6. HP: 32/39 MP: 6/6
  4134 | D:3      | Reached skill level 7 in Staves
  4205 | D:3      | You fall into a shaft and drop 3 floors!
  4243 | D:6      | Found a runed translucent gate.
  4243 | D:6      | Found a runed translucent gate.
  4243 | D:6      | Found a runed translucent gate.
  4249 | D:6      | Noticed a basilisk
  4254 | D:6      | Noticed LadyBoffin's ghost (novice MfIE)
  4268 | D:6      | HP: 1/37 [wight/cursed +3 war axe (9)]
  4293 | D:6      | Slain by a wight

Illustrated notes

Levels and vault maps discovered:
D:1:      wheals_arrival_linesprint, layout_loops_ring
D:2:      layout_loops_corners, lemuel_blue_sif_altar,
          nzn_hepliaklqana_mist_gate, amethyst_overflow_temple_binary,
          serial_forest, infiniplex_forest_end_3, infiniplex_forest_clump_small,
          infiniplex_forest_corner_2, infiniplex_forest_corner_1,
          infiniplex_forest_clump_small, infiniplex_forest_straight_2,
          infiniplex_forest_lined_2, infiniplex_forest_lined_room_3, minmay_puff
D:3:      layout_loops_corners, elyvilon_altar_1, uniq_terence
D:6:      layout_gridville, gammafunk_ghost_split, uniq_edmund, uniq_grinder,
          uniq_prince_ribbit1, uniq_sigmund

Skill      XL: |  1  2  3  4  5  6 |
---------------+-------------------+-----
Staves         | 4 5 6 7 |  7.4
Fighting       | |  2.0
Throwing       | |  2.0
Dodging        | |  3.0

Action                   |  1- 3 |  4- 6 || total
-------------------------+-------+-------++-------
Melee: Quarterstaff      |    56 |   182 ||   238
       Constrict         |    18 |    34 ||    52
       Tentacles         |     9 |    44 ||    53
  Use: Potion            |       |     1 ||     1
 Stab: Sleeping          |     4 |     7 ||    11
Armor: Skin              |     6 |    12 ||    18
Dodge: Dodged            |    34 |    87 ||   121
